 Dungeon Crawl Stone Soup version 0.26-a0-812-g31a745ddcd (webtiles) character file.

Game seed: 4037434549563139021

11890 kae the Transmogrifier (level 11, -10/89 HPs)
             Began as a Troll Transmuter on Nov 16, 2020.
             Was a High Priest of Makhleb.
             Killed from afar by a wretched star (25 damage)
             ... with a lance of force
             ... on level 2 of the Abyss.
             The game lasted 00:12:56 (9857 turns).

kae the Transmogrifier (Troll Transmuter)           Turns: 9857, Time: 00:12:57

Health: -10/89     AC:  9    Str: 29      XL:     11   Next: 55%
Magic:  8/11       EV: 13    Int:  7      God:    Makhleb [*****.]
Gold:   437        SH:  0    Dex:  9 (10) Spells: 3/12 levels left

rFire    . . .     SeeInvis .     - Unarmed
rCold    . . .     Faith    .   (no shield)
rNeg     . . .     Spirit   .   a - +2 robe
rPois    +         Reflect  .   (helmet restricted)
rElec    .         Harm     .   y - +0 cloak of Wrong Decisions {rPois MR+ rCorr Stlth+}
rCorr    +         Rampage  .   (gloves unavailable)
MR       +....                  (boots unavailable)
Stlth    ++........             d - amulet of regeneration
HPRegen  1.04/turn              k - +4 ring of slaying
MPRegen  0.12/turn              A - +6 ring of strength

@: lightly drained
A: large, unfitting armour, claws 3, clever 1, [deterioration 2], [dopey 2],
regeneration 1, shaggy fur 1, tough skin 3, wild magic 1, sturdy frame 1
a: Minor Destruction, Lesser Servant of Makhleb, Major Destruction, Greater
Servant of Makhleb, Renounce Religion


You were on level 2 of the Abyss.
You worshipped Makhleb.
Makhleb was extremely pleased with you.
You visited 2 branches of the dungeon, and saw 10 of its levels.
You visited the Abyss 1 time.
You also visited: Bailey.

You collected 704 gold pieces.
You spent 267 gold pieces at shops.

Inventory:

Armour
 a - a +2 robe (worn)
 y - the +0 cloak of Wrong Decisions (worn) {rPois MR+ rCorr Stlth+}
   (You bought it in a shop on level 5 of the Dungeon)

   It protects you from poison.
   It affects your resistance to hostile enchantments.
   It provides partial protection from all sources of acid and corrosion.
   It makes you more stealthy.
Jewellery
 d - an amulet of regeneration (around neck)
 k - a +4 ring of slaying (left claw)
 r - an uncursed ring of ice
 w - an uncursed ring of stealth
 A - a +6 ring of strength (right claw)
Wands
 e - a wand of enslavement (11)
 f - a wand of polymorph (11)
 l - a wand of digging (3)
 u - a wand of iceblast (11)
Scrolls
 g - 2 scrolls of remove curse
 m - 2 scrolls of amnesia
 o - 2 scrolls of enchant armour
 s - a scroll of enchant weapon
Potions
 b - 4 potions of flight
 c - 4 potions of brilliance
 h - a potion of lignification
 i - a potion of cancellation
 j - 4 potions of curing
 n - a potion of magic
 p - 2 potions of mutation
 q - a potion of attraction
 t - 2 potions of might
 x - a potion of haste {unknown}
 z - a potion of resistance


   Skills:
 - Level 0.7(0.6) Fighting
 + Level 7.9(7.8) Dodging
 + Level 9.8(9.7) Unarmed Combat
 - Level 1.2(1.1) Spellcasting
 * Level 10.3(10.2) Transmutations


You had 3 spell levels left.
You knew the following spells:

 Your Spells              Type           Power        Failure   Level
a - Beastly Appendage     Tmut           ###...       1%          1
b - Spider Form           Tmut/Pois      #.........   22%         3
c - Blade Hands           Tmut           ###.......   26%         5

Your spell library contained the following spells:

 Spells                   Type           Power        Failure   Level
 Wereblood                Tmut           ###.....     2%          2
 Foxfire                  Conj/Fire      #...         47%         1
 Conjure Flame            Conj/Fire      #.......     83%         3
 Inner Flame              Hex/Fire       #.......     83%         3
 Ice Form                 Ice/Tmut       #.......     54%         4
 Sticky Flame             Conj/Fire      #.......     99%         4
 Fireball                 Conj/Fire      #.........   100%        5


Dungeon Overview and Level Annotations

Branches:
Dungeon (9/15)             Temple (1/1) D:7            Lair (0/6) D:9
 Bailey (visited)
    Orc: D:9-12

Altars:
Ashenzari
Cheibriados
Dithmenos
Elyvilon
Fedhas
Gozag
Hepliaklqana
Kikubaaqudgha
Makhleb
Nemelex Xobeh
Okawaru
Qazlal
Ru
Sif Muna
Trog
Uskayaw
Vehumet
Wu Jian
Xom
Yredelemnul
Zin
The Shining One
Beogh

Shops:
D:5 [   D:6 (

Annotations:
D:6 exclusion: ogre
D:7 2 transporters
D:9 1 runed translucent door, Erolcha; dmks's ghost, novice DrIE


Innate Abilities, Weirdness & Mutations

You are too large for most types of armour.
You have claws for hands.
Your natural rate of healing is unusually fast.
You are covered in fur. (AC +1)
You have extremely tough skin. (AC +3)
Your mind is acute. (Int +2)
Your spells are a little harder to cast, but a little more powerful.
Your movements are slightly less encumbered by armour. (ER -2)
[Your body often deteriorates upon taking damage.]
[You are very dopey. (Int -4)]


Message History

You barely miss the wretched star. You slash the wretched star!
You slash the wretched star.
The wretched star is lightly damaged.
The wretched star glows turbulently.
The lance of force hits you!
* * * LOW HITPOINT WARNING * * *
You are knocked back by the lance of force.
The wretched star pulses with an eldritch light!
You feel yourself wasting away.
You feel your body start to fall apart.
The wretched star glows turbulently.
The lance of force hits you!
* * * LOW HITPOINT WARNING * * *
Your body deteriorates!
You feel clumsy.
You are knocked back by the lance of force.
You slam into the stone wall!
* * * LOW HITPOINT WARNING * * *
Your hands revert to their normal proportions.
The wretched star glows turbulently.
The lance of force hits you!!
You die...

##..## . # #. #
#.#. # # . .#
#.###.# ## ## .
#..##.....##.
... .. . #...#.#
....###..#... .#
#...#...#.#..#.
##† .
.###.#.#.#.#.#.
. . . .
#.##.#.#.##. .
.. ....#..@*.#.
. . . ..
#.####..###..#
#... .... .
##########.##...
# #...# .. .. #
. .# # . ## .
#?.. # t. . #
.... #..#. # ..
. . # . # #


You could see a wretched star.

Vanquished Creatures
  A very ugly thing (Abyss:2)
  Harold (D:7)
  A two-headed ogre (D:8)
  A thrashing horror (Abyss:2)
  2 apocalypse crabs (Abyss:2)
  2 smoke demons (Abyss:2)
  An ice devil (Abyss:2)
  A freezing wraith (Abyss:2)
  Grinder (D:5)
  Prince Ribbit (D:7)
  A raiju (Abyss:2)
  Sigmund (D:5)
  5 yaks
  A shadow (Abyss:2)
  A neqoxec (Abyss:2)
  Menkaure (D:5)
  An ice beast (D:8)
  8 orc warriors
  2 black bears
  3 sky beasts
  An eye of draining (D:8)
  4 ogres
  2 necrophages (D:8)
  A phantom (D:9)
  6 centaurs
  2 big kobolds (D:7)
  11 bullfrogs
  6 killer bees (D:9)
  A bullfrog zombie (D:8)
  A jelly (D:5)
  A centaur zombie (D:5)
  9 hounds
  A gnoll shaman (D:9)
  7 orc priests
  A bullfrog skeleton (D:5)
  An iguana (D:9)
  6 worker ants
  17 orc wizards
  A hound zombie (D:7)
  A hound skeleton (D:5)
  A worker ant zombie (D:9)
  14 adders
  9 gnolls
  2 shadow imps (D:5)
  2 white imps
  3 ufetubi
  3 oozes
  An adder zombie (D:6)
  3 worms
  6 leopard geckos
  53 orcs
  3 giant cockroaches
  11 goblins
  8 hobgoblins
  12 jackals
  30 kobolds
  4 quokkas
  2 ball pythons
  6 bats
  13 frilled lizards
  A leopard gecko zombie (D:5)
  A quokka skeleton (D:8)
  7 rats
311 creatures vanquished.

Vanquished Creatures (others)
  An orc (D:9)
  4 fungi (D:9)
  6 plants (D:9)
11 creatures vanquished.

Grand Total: 322 creatures vanquished

Notes
Turn   | Place    | Note
-------+----------+-------------------------------------------
     0 | D:1      | kae the Troll Transmuter began the quest for the Orb.
     0 | D:1      | Reached XP level 1. HP: 18/18 MP: 1/1
   125 | D:1      | Reached XP level 2. HP: 24/26 MP: 0/2
   281 | D:1      | Reached skill level 2 in Transmutations
   840 | D:2      | Reached XP level 3. HP: 31/32 MP: 1/3
  1088 | D:2      | Reached XP level 4. HP: 29/40 MP: 4/4
  1177 | D:2      | Found a burning altar of Makhleb.
  1179 | D:2      | Found a glowing golden altar of the Shining One.
  1180 | D:2      | Found a sparkling altar of Nemelex Xobeh.
  1180 | D:2      | Found a stormy altar of Qazlal.
  1198 | D:2      | Became a worshipper of Makhleb the Destroyer
  1703 | D:3      | Reached skill level 3 in Transmutations
  1797 | D:3      | Noticed an orc warrior
  1812 | D:3      | Reached * piety under Makhleb
  1989 | D:3      | Reached XP level 5. HP: 39/46 MP: 3/5
  1998 | D:3      | HP: 1/46 [orc warrior/+0 battleaxe (8)]
  2160 | D:3      | Learned a level 3 spell: Spider Form
  2250 | D:3      | Killed an orc warrior
  2266 | D:3      | Reached XP level 6. HP: 38/54 MP: 3/6
  2828 | D:4      | Reached skill level 4 in Transmutations
  3263 | D:4      | Reached XP level 7. HP: 57/61 MP: 5/7
  3550 | D:5      | Entered Level 5 of the Dungeon
  3555 | D:5      | Found a shimmering blue altar of Sif Muna.
  3588 | D:5      | Noticed Sigmund
  3696 | D:5      | Noticed Menkaure
  3715 | D:5      | Killed Menkaure
  3715 | D:5      | Reached skill level 5 in Unarmed Combat
  3884 | D:5      | Reached ** piety under Makhleb
  3999 | D:5      | Found an ancient bone altar of Kikubaaqudgha.
  4069 | D:5      | Reached skill level 5 in Transmutations
  4282 | D:5      | Reached XP level 8. HP: 57/68 MP: 8/8
  4313 | D:5      | Noticed Grinder
  4410 | D:5      | Paralysed by Grinder for 6 turns
  4418 | D:5      | Killed Grinder
  4554 | D:5      | Found Wism's Armour Emporium.
  5000 | D:6      | Reached skill level 6 in Transmutations
  5241 | D:6      | Found a blossoming altar of Fedhas.
  5428 | D:6      | Found Voneunt's Weapon Shoppe.
  5661 | D:5      | Bought the cursed +0 cloak of Wrong Decisions {rPois MR+
                  | rCorr Stlth+} for 267 gold pieces
  5909 | D:5      | Killed Sigmund
  5992 | D:7      | Reached *** piety under Makhleb
  6039 | D:7      | Reached skill level 5 in Dodging
  6070 | D:7      | Reached XP level 9. HP: 37/75 MP: 5/9
  6207 | D:7      | Found a staircase to the Ecumenical Temple.
  6276 | Temple   | Entered the Ecumenical Temple
  6588 | D:7      | Noticed Prince Ribbit
  6589 | D:7      | Noticed Harold
  6845 | D:7      | Found a transporter.
  6852 | D:7      | Found a roughly hewn altar of Beogh.
  6852 | D:7      | Found a transporter.
  6865 | D:7      | Reached skill level 7 in Transmutations
  6879 | D:7      | Learned a level 5 spell: Blade Hands
  7279 | D:7      | Killed Harold
  7317 | D:7      | Killed Prince Ribbit
  7317 | D:7      | Reached skill level 8 in Transmutations
  7537 | D:8      | Reached XP level 10. HP: 82/82 MP: 8/10
  7556 | D:8      | Found a flagged portal.
  7621 | Bailey   | Entered a bailey
  7643 | Bailey   | Reached **** piety under Makhleb
  7995 | D:8      | Noticed a two-headed ogre
  8047 | D:8      | Killed a two-headed ogre
  8686 | D:8      | Reached skill level 9 in Transmutations
  8729 | D:8      | Gained mutation: You are clumsy. (Dex -2) [potion of
                  | mutation]
  8729 | D:8      | Lost mutation: You are clumsy. (Dex -2) [potion of
                  | mutation]
  8730 | D:8      | Gained mutation: Your spells are a little harder to cast,
                  | but a little more powerful. [potion of mutation]
  8730 | D:8      | Gained mutation: Your movements are slightly less
                  | encumbered by armour. (ER -2) [potion of mutation]
  8730 | D:8      | Gained mutation: Your mind is acute. (Int +2) [potion of
                  | mutation]
  8800 | D:9      | Reached ***** piety under Makhleb
  8948 | D:9      | Found a staircase to the Lair.
  9059 | D:9      | Found a sacrificial altar of Ru.
  9079 | D:9      | Noticed Erolcha
  9274 | D:9      | Reached XP level 11. HP: 84/88 MP: 5/11
  9399 | D:9      | Found a runed translucent door.
  9401 | D:9      | Noticed dmks's ghost (novice DrIE)
  9603 | D:9      | Cast into level 2 of the Abyss (Erolcha)
  9659 | Abyss:2  | Noticed a thrashing horror
  9665 | Abyss:2  | Killed a thrashing horror
  9695 | Abyss:2  | Noticed a starcursed mass
  9782 | Abyss:2  | Noticed a green very ugly thing
  9798 | Abyss:2  | Killed a green very ugly thing
  9798 | Abyss:2  | Reached skill level 10 in Transmutations
  9849 | Abyss:2  | Noticed a wretched star
  9857 | Abyss:2  | Killed from afar by a wretched star

Illustrated notes

Levels and vault maps discovered:
D:1:      shiori_arrival_oz, layout_loops_ring
D:2:      layout_basic, grunt_temple_overflow_open, st_stairs_5
D:3:      layout_loops_ring
D:4:      layout_basic, chequers_serial_rivers_marsh
D:5:      minmay_inner_zag, layout_basic, lemuel_coloured_pillars_altar,
          led_sif_pool, serial_shops, shop, st_stairs_5, uniq_grinder,
          uniq_sigmund, uniq_menkaure
D:6:      layout_rooms, serial_shops, kennysheep_mini_moat,
          fedhas_bush_and_centaur_altar
D:7:      gammafunk_beogh_shrine, layout_basic, minmay_temple_entry_crystal_x,
          st_stairs_5, uniq_prince_ribbit1, uniq_harold
D:8:      layout_basic, enter_bailey_6
D:9:      layout_irregular_city, marbit_many_paths,
          grunt_lair_entry_orc_guard_hut, ebering_ghost_inner_flame,
          uniq_erolcha
Temple:   bh_familiar_temple
Abyss:2:  base:
D:9

Skill      XL: |  1  2  3  4  5  6  7  8  9 10 11 |
---------------+----------------------------------+-----
Transmutations | 2 3 4 5 6 8 9 10 | 10.3
Dodging        | 2 3 5 6 7 |  7.9
Unarmed Combat | 4 5 6 7 9 |  9.8
Fighting       | |  0.7
Spellcasting   | |  1.2

Action                   |  1- 3 |  4- 6 |  7- 9 | 10-12 || total
-------------------------+-------+-------+-------+-------++-------
Melee: Unarmed           |   116 |   190 |   444 |   306 ||  1056
       Kick              |     3 |    13 |    37 |    25 ||    78
       Headbutt          |     3 |    10 |    25 |    24 ||    62
       Punch             |     1 |     1 |     5 |    10 ||    17
 Cast: Beastly Appendage |     8 |    22 |    27 |    16 ||    73
       Spider Form       |       |     1 |     9 |       ||    10
       Blade Hands       |       |       |     1 |     7 ||     8
  Use: Potion            |       |     1 |     1 |     5 ||     7
       Scroll            |       |       |    22 |     6 ||    28
 Stab: Sleeping          |       |     1 |     2 |     2 ||     5
       Distracted        |       |       |       |     1 ||     1
Armor: Robe              |    43 |    65 |   229 |    79 ||   416
       Skin              |       |       |     1 |    42 ||    43
Dodge: Dodged            |    65 |   110 |   208 |   192 ||   575

Table legend: (Time is in decaauts)
 A = Elapsed time spent in this place.
 B = Non-inter-level travel time spent in this place.
 C = Inter-level travel time spent in this place.
 D = Time resting spent in this place.
 E = Time spent auto-exploring this place.
 F = Levels seen in this place.
 G = Mean time per level.
                   A        B        C        D        E       F      G
               +--------+--------+--------+--------+--------+-----+--------+
         Total |   9769 |   9139 |    630 |   1003 |   5830 |  12 |  814.1 |
       Dungeon |   8953 |   8344 |    609 |    807 |   5535 |   9 |  994.8 |
        Temple |    209 |    189 |     20 |      0 |    189 |   1 |  209.0 |
         Abyss |    250 |    250 |      0 |     53 |     69 |   1 |  250.0 |
        Bailey |    355 |    355 |      0 |    142 |     37 |   1 |  355.0 |
               +--------+--------+--------+--------+--------+-----+--------+

Top non-repeatable levels by time:
     D:5: 1479 daAuts
     D:7: 1158 daAuts
     D:3: 1116 daAuts
     D:4: 988 daAuts
     D:6: 933 daAuts
     D:8: 873 daAuts
     D:9: 861 daAuts
     D:1: 786 daAuts
     D:2: 756 daAuts
  Bailey: 355 daAuts
 Abyss:2: 250 daAuts
  Temple: 209 daAuts
